AoeStats
← grizzlyman

Fortress

508074431Analyzed
4v4 RM · 11d ago on Sep 20, 2026· 47m 54s· 8 players
Game mode
Random Map
Map size
Huge
Population
200
Speed
Normal
Resources
Standard
Victory
Conquest
Starting age
Dark Age
Ending age
Imperial Age
RankedLock teamsTeams togetherTeam positionsShared explorationLock speedFull tech treeHidden civsTurbo modeCheats
Victory
Defeat
🇺🇸 Saracens · United States
1184
+16
🇹🇷 Jurchens · Türkiye
1143
+18
🇹🇷 Wei · Türkiye
1142
+18
🇹🇷 Spanish · Türkiye
1089
+20
🇺🇾 Turks · Uruguay
1223
-20
🇺🇾 Britons · Uruguay
1195
-18
🇧🇾 Saracens · Belarus
1171
-18
🇸🇰 Huns · Slovakia
1140
-16
balas351
8:23 Feudal Age
12:47 Castle Age
10:36 Double-Bit Axe
10:39 Horse Collar
13:34 Scale Barding Armor
15:29 Bow Saw
15:24 Loom
19:26 Wheelbarrow
19:29 Husbandry
19:34 Gold Mining
20:41 Forging
22:40 Bloodlines
23:14 Bimaristan
23:48 Hand Cart
25:23 Iron Casting
29:26 Fletching
29:36 Padded Archer Armor
29:21 Crossbowman
30:07 Thumb Ring
31:34 Bodkin Arrow
31:55 Leather Archer Armor
34:27 Imperial Age
33:31 Gold Shaft Mining
34:16 Stone Mining
35:16 Ballistics
34:30 Arbalester
35:13 Bracer
42:01 Chemistry
43:59 Light Cavalry
msmatossms
3:13 Loom
7:55 Feudal Age
11:32 Castle Age
10:17 Horse Collar
11:00 Double-Bit Axe
21:34 Scale Mail Armor
21:48 Forging
22:50 Wheelbarrow
22:31 Gold Mining
23:10 Bloodlines
23:11 Husbandry
24:05 Scale Barding Armor
27:53 Imperial Age
27:34 Iron Casting
27:21 Chain Barding Armor
27:46 Bow Saw
27:38 Heavy Plow
28:43 Hand Cart
27:55 Cavalier
30:00 Marauders
30:21 Conscription
31:08 Gold Shaft Mining
31:40 Blast Furnace
31:16 Plate Barding Armor
31:26 Town Watch
32:11 Elite Tarkan
32:44 Fletching
32:55 Padded Archer Armor
33:51 Squires
33:11 Pikeman
35:28 Elite Skirmisher
36:15 Thumb Ring
41:53 Light Cavalry
Kroyen
8:28 Feudal Age
12:12 Castle Age
10:37 Horse Collar
10:44 Double-Bit Axe
11:48 Fletching
12:06 Gold Mining
13:00 Bodkin Arrow
19:33 Loom
21:05 Ballistics
21:42 Padded Archer Armor
22:42 Town Watch
23:32 Wheelbarrow
27:00 Imperial Age
24:38 Pikeman
26:10 Leather Archer Armor
26:30 Bow Saw
26:56 Gold Shaft Mining
26:22 Heavy Plow
27:30 Yeomen
27:29 Squires
27:17 Arson
27:48 Bracer
28:44 Halberdier
31:40 Two-Man Saw
33:08 Ring Archer Armor
32:39 Scale Mail Armor
32:49 Forging
34:11 Chemistry
34:03 Conscription
34:29 Scale Barding Armor
34:57 Hand Cart
34:42 Town Patrol
35:27 Husbandry
34:47 Light Cavalry
38:55 Chain Barding Armor
39:10 Iron Casting
40:24 Plate Barding Armor
43:50 Blast Furnace
El Cuco
8:58 Feudal Age
12:56 Castle Age
17:45 Imperial Age
15:28 Double-Bit Axe
16:22 Gold Mining
19:59 Conscription
30:33 Loom
30:35 Town Watch
32:16 Fletching
33:45 Bodkin Arrow
39:04 Scale Barding Armor
39:10 Forging
39:58 Bloodlines
39:50 Husbandry
41:55 Murder Holes
narkdight
7:04 Feudal Age
7:38 Double-Bit Axe
7:34 Horse Collar
7:45 Gold Mining
7:45 Stone Mining
8:19 Stone Mining
13:19 Castle Age
13:11 Wheelbarrow
14:10 Bow Saw
14:02 Heavy Plow
15:18 Gold Shaft Mining
15:18 Stone Shaft Mining
15:39 Padded Archer Armor
15:41 Fletching
16:30 Hand Cart
17:02 Bodkin Arrow
17:02 Loom
17:43 Loom
23:40 Imperial Age
20:58 Town Watch
22:45 Leather Archer Armor
22:49 Thumb Ring
22:51 Elite Skirmisher
25:52 Conscription
27:05 Parthian Tactics
27:47 Ring Archer Armor
27:40 Ballistics
28:56 Bracer
32:31 Chemistry
33:52 Bloodlines
33:42 Husbandry
33:04 Light Cavalry
33:53 Scale Barding Armor
33:58 Forging
35:04 Crop Rotation
39:23 Chain Barding Armor
39:38 Iron Casting
39:51 Hussar
45:08 Heavy Hei Guang Cavalry
evertone
8:30 Feudal Age
12:32 Castle Age
10:43 Double-Bit Axe
10:40 Horse Collar
19:03 Wheelbarrow
19:54 Bow Saw
20:45 Heavy Plow
20:47 Loom
21:01 Stone Mining
21:02 Gold Mining
26:25 Imperial Age
24:35 Forging
24:31 Scale Barding Armor
24:55 Bloodlines
24:46 Husbandry
26:33 Elite Mameluke
28:11 Iron Casting
28:31 Chain Barding Armor
29:00 Hand Cart
28:30 Town Watch
30:01 Blast Furnace
29:52 Conscription
30:38 Plate Barding Armor
32:00 Gold Shaft Mining
32:29 Chemistry
34:50 Two-Man Saw
34:16 Ballistics
36:13 Siege Engineers
36:59 Town Patrol
37:04 Caravan
38:12 Light Cavalry
44:53 Hoardings
46:10 Masonry
45:41 Treadmill Crane
45:56 Murder Holes
46:12 Fortified Wall
grizzlyman
7:45 Feudal Age
11:56 Castle Age
9:59 Horse Collar
10:23 Double-Bit Axe
13:35 Bow Saw
17:17 Heavy Plow
17:10 Gold Mining
21:00 Siege Engineers
23:25 Gambesons
24:30 Light Cavalry
27:08 Loom
30:50 Imperial Age
29:02 Wheelbarrow
28:39 Scale Mail Armor
28:50 Scale Barding Armor
30:29 Bloodlines
32:16 Thunderclap Bombs
32:27 Conscription
31:32 Heavy Rocket Cart
33:30 Elite Fire Lancer
34:13 Squires
35:58 Chemistry
35:18 Scale Mail Armor
36:18 Chain Mail Armor
36:24 Chain Barding Armor
38:24 Hussar
39:05 Husbandry
40:34 Plate Barding Armor
40:11 Forging
42:48 Iron Casting
44:38 Blast Furnace
46:20 Arson
guvencaner
8:16 Feudal Age
9:13 Loom
13:02 Castle Age
10:51 Loom
11:42 Wheelbarrow
12:19 Double-Bit Axe
13:29 Scale Mail Armor
13:41 Forging
14:19 Horse Collar
21:33 Arson
21:49 Squires
21:09 Pikeman
21:48 Pikeman
26:22 Imperial Age
26:33 Wheelbarrow
25:45 Town Watch
28:15 Hand Cart
28:50 Chain Mail Armor
28:41 Scale Barding Armor
29:40 Elite Skirmisher
31:21 Fletching
31:32 Padded Archer Armor
33:12 Leather Archer Armor
32:53 Bodkin Arrow
33:34 Iron Casting
33:08 Gold Mining
34:41 Bow Saw
34:40 Town Patrol
37:26 Imperial Age
36:21 Heavy Plow
36:33 Town Patrol
37:21 Thumb Ring
38:39 Ring Archer Armor
38:54 Stone Mining
42:15 Conscription
42:36 Plate Mail Armor
43:07 Blast Furnace
42:07 Bracer
42:28 Chain Barding Armor
41:40 Halberdier
41:44 Capped Ram
43:40 Inquisition
45:13 Supremacy
47:51 Elite Conquistador
Connection lost

Rejoining the realm…

Still unreachable

The connection could not be restored.

Session expired

The server has moved on; the page needs a fresh start.